 Dungeon Crawl Stone Soup version 0.31-a0-1338-gb567cfdca4 (webtiles) character file.

Game seed: 15421624708560429632

142929 bmb222 the Warrior (level 17, -14/196 HPs)
             Began as an Oni Monk on Dec 22, 2023.
             Was the Champion of Cheibriados.
             Killed from afar by a shock serpent (27 damage)
             ... with a bolt of electricity
             ... on level 4 of the Snake Pit.
             The game lasted 00:49:11 (36995 turns).

bmb222 the Warrior (Oni Monk)                      Turns: 36995, Time: 00:49:12

Health: -14/196    AC: 23    Str: 51    XL:     17   Next: 36%
Magic:  29/31      EV: 21    Int: 20    God:    Cheibriados [******]
Gold:   298        SH: 16    Dex: 39    Spells: 34/37 levels left

rFire   + + .        C - +4 flail (protect)
rCold   x . .        W - +0 kite shield
rNeg    . . .        X - +0 fire dragon scales
rPois   +            (helmet restricted)
rElec   .            Q - +2 cloak
rCorr   .            (gloves unavailable)
SInv    .            (boots unavailable)
Will    +++..        I - necklace of Bloodlust {Fury *Rage Will++ Int-3 Slay+6}
Stlth   +            u - ring "Ossioxt" {Will+ Slay+4}
HPRegen 0.52/turn    l - ring of the Raven {rPois Will- Str+9 Dex+6}
MPRegen 0.22/turn

%: random rage (50%)
@: under a protective aura, on berserk cooldown, slowed, very slow
A: drunken brawling, large, unfitting armour, horns 1, tough skin 1, double
potion healing, agile 2, strong 1, wild magic 1
a: Renounce Religion, Bend Time, Temporal Distortion, Slouch, Step From Time


You were on level 4 of the Snake Pit.
You worshipped Cheibriados.
Cheibriados was exalted by your worship.
You visited 5 branches of the dungeon, and saw 27 of its levels.

You collected 2493 gold pieces.
You spent 2195 gold pieces at shops.

Inventory:

Hand Weapons
 a - a +0 mace
 c - a +0 giant spiked club
 g - a +2 trident of draining
 i - a +0 flail of electrocution
 C - a +4 flail of protection (weapon)
Missiles
 k - 19 poisoned darts
 r - 3 curare-tipped darts
 B - 5 boomerangs (quivered)
 J - 2 silver javelins
 V - 4 throwing nets
Armour
 d - an orb of light
 y - +0 acid dragon scales
 Q - a +2 cloak (worn)
 W - a +0 kite shield (worn)
 X - +0 fire dragon scales (worn)
Jewellery
 l - the ring of the Raven (right hand) {rPois Will- Str+9 Dex+6}
   (You acquired it on level 2 of the Orcish Mines)

   [ring of dexterity]

   Str+9:     It affects your strength (+9).
   Dex+6:     It affects your dexterity (+6).
   rPois:     It protects you from poison Will-: It decreases your willpower.
 m - a ring of willpower
 o - a ring of poison resistance
 s - a +4 ring of protection
 u - the ring "Ossioxt" (left hand) {Will+ Slay+4}
   (You acquired it on level 15 of the Dungeon)

   [ring of slaying]

   Slay+4:    It affects your accuracy & damage with ranged weapons and melee
   (+4).
   Will+:     It increases your willpower.
 G - a +5 ring of evasion
 I - the necklace of Bloodlust (around neck) {Fury *Rage Will++ Int-3 Slay+6}
   (You found it on level 12 of the Dungeon)

   [amulet of nothing]

   Fury:      It extends the wearer's berserk rage when killing foes.
   Int-3:     It affects your intelligence (-3).
   Slay+6:    It affects your accuracy & damage with ranged weapons and melee
   (+6).
   Will++:    It greatly increases your willpower.
   *Rage:     It berserks you when you make melee attacks (+50% chance).
 N - a ring of positive energy
 T - a ring of positive energy
Wands
 n - a wand of polymorph (14)
 E - a wand of roots (17)
 F - a wand of flame (28)
 L - a wand of mindburst (1)
 Z - a wand of digging (2)
Scrolls
 e - 4 scrolls of teleportation
 f - 3 scrolls of amnesia
 h - 3 scrolls of vulnerability
 p - 3 scrolls of torment
 t - 4 scrolls of enchant weapon
 w - 2 scrolls of immolation
 H - a scroll of fog
 K - a scroll of fear
 P - 6 scrolls of revelation
 S - 10 scrolls of identify
 U - 2 scrolls of blinking
Potions
 b - 2 potions of invisibility
 j - 5 potions of lignification
 q - 3 potions of attraction
 v - 2 potions of brilliance
 x - a potion of enlightenment
 z - 2 potions of mutation
 A - 5 potions of cancellation
 D - a potion of resistance
 M - a potion of curing
 O - 2 potions of berserk rage
 R - 5 potions of might


   Skills:
 - Level 18.7 Fighting
 * Level 15.4 Maces & Flails
 * Level 10.1 Armour
 - Level 9.8 Dodging
 * Level 9.7 Shields
 - Level 10.5 Spellcasting
 - Level 8.9 Necromancy
 - Level 8.0 Invocations


You had 34 spell levels left.
You knew the following spells:

 Your Spells              Type           Power      Damage    Failure   Level
a - Fugue of the Fallen   Necr           56%        N/A       2%          3

Your spell library contained the following spells:

 Spells                   Type           Power      Damage    Failure   Level
 Sublimation of Blood     Necr           56%        N/A       1%          2
 Kiss of Death            Conj/Necr      100%       2d13      4%          1
 Animate Dead             Necr           56%        N/A       6%          4
 Dispel Undead            Necr           56%        3d20      6%          4
 Cigotuvi's Dreadful Rot  Necr/Alch/Air  58%        N/A       10%         2
 Sandblast                Erth           26%        2d8       21%         1
 Shock                    Conj/Air       52%        1d6       21%         1
 Sting                    Conj/Alch      52%        1d6       21%         1
 Summon Small Mammal      Summ           52%        N/A       21%         1
 Call Imp                 Summ           26%        N/A       28%         2
 Ensorcelled Hibernation  Hex/Ice        26%        N/A       28%         2
 Passwall                 Alch/Erth      10%        N/A       28%         2
 Anguish                  Hex/Necr       18%        N/A       30%         4
 Call Canine Familiar     Summ           13%        N/A       47%         3
 Confusing Touch          Hex            13%        N/A       47%         3
 Gell's Gravitas          Tloc           13%        N/A       47%         3
 Inner Flame              Hex/Fire       13%        N/A       47%         3
 Ozocubu's Armour         Ice            13%        N/A       47%         3
 Stone Arrow              Conj/Erth      26%        3d8       47%         3
 Summon Guardian Golem    Hex/Summ       13%        N/A       47%         3
 Swiftness                Air            13%        N/A       47%         3
 Teleport Other           Tloc           13%        N/A       47%         3
 Death Channel            Necr           28%        N/A       56%         6
 Borgnjor's Vile Clutch   Necr/Erth      18%        N/A       61%         5
 Airstrike                Air            6%         2d(1-17)  86%         4
 Brom's Barrelling Bould  Conj/Erth      13%        2d4       86%         4
 Flame Wave               Conj/Fire      13%        2d6       86%         4
 Manifold Assault         Tloc           13%        N/A       86%         4
 Sticky Flame             Fire/Alch      13%        2d5       86%         4
 Alistair's Intoxication  Alch           8%         N/A       99%         5
 Dispersal                Tloc           6%         N/A       100%        6
 Eringya's Noxious Bog    Alch           6%         4d6       100%        6
 Haunt                    Necr/Summ      18%        N/A       100%        7
 Orb of Destruction       Conj           6%         9d6       100%        7
 Spellforged Servitor     Conj/Summ      6%         N/A       100%        7
 Summon Hydra             Summ           6%         N/A       100%        7
 Disjunction              Tloc           6%         N/A       100%        8
 Infestation              Necr           28%        N/A       100%        8


Dungeon Overview and Level Annotations

Branches:
Dungeon (15/15)            Temple (1/1) D:6            Lair (5/5) D:9
 Shoals (0/4) Lair:3        Snake (4/4) Lair:2        Slime (0/5) Lair:5
    Orc (2/2) D:12            Elf (0/3) Orc:2        Vaults (0/5) D:13
 Depths (0/4) D:15

Altars:
Ashenzari
Cheibriados
Dithmenos
Elyvilon
Fedhas
Gozag
Hepliaklqana
Kikubaaqudgha
Makhleb
Nemelex Xobeh
Okawaru
Qazlal
Ru
Sif Muna
Trog
Uskayaw
Vehumet
Wu Jian
Xom
Yredelemnul
Zin
The Shining One
Jiyva

Shops:
D:11 =   Orc:1 !=[   Orc:2 =(**   Snake:1 **???   Snake:2 :?*   Snake:3 [*

Portals:
Pandemonium: Orc:2

Annotations:
D:14 exclusions: obsidian statue and orange crystal statue
Snake:3 3 runed translucent doors, exclusion: obsidian statue, jasper's ghost, adept HOCA


Innate Abilities, Weirdness & Mutations

Whenever you drink a potion that restores your health or magic, you attack all enemies around you.
You are too large for most types of armour.
You have a pair of small horns on your head.
You have tough skin. (AC +1)
Whenever you drink a potion that restores your health or magic, it restores twice as much.
You are very agile. (Dex +8, Str/Int -2)
Your muscles are strong. (Str +4, Int/Dex -1)
Your spells are a little harder to cast, but a little more powerful.


Message History

You kill the naga sharpshooter!
Cheibriados appreciates the change of pace.
You bludgeon the naga sharpshooter!! You headbutt the naga sharpshooter.
The naga sharpshooter is almost dead.
You bludgeon the shock serpent!!
The shock serpent is severely wounded.
You savour every drop.
You feel better.
The shock serpent's electric aura discharges, shocking you!
* * * LOW HITPOINT WARNING * * *
The shock serpent closely misses you.
The naga sharpshooter shoots an arrow.
You block the arrow. The shock serpent barely misses you.
You hit the shock serpent. Your headbutt misses the shock serpent.
The shock serpent is almost dead.
The shock serpent's electric aura discharges, shocking you!
* * * LOW HITPOINT WARNING * * *
The shock serpent shoots out a bolt of lightning at you!
The bolt of electricity hits you!!
* * * LOW HITPOINT WARNING * * *
The bolt of electricity hits you!
* * * LOW HITPOINT WARNING * * *
The bolt of electricity hits the shock serpent.
The shock serpent completely resists.
The naga sharpshooter casts a spell.
The naga sharpshooter magically shoots an arrow.
The arrow hits you but does no damage.
The naga ritualist invokes the aid of its god against you.
You resist with almost no effort.
The shock serpent bites you but does no damage.
You take a swig of the potion and twirl your +4 flail of protection.
You thump the naga sharpshooter!
You kill the naga sharpshooter!
Cheibriados appreciates the change of pace.
You barely miss the shock serpent.
The shock serpent is almost dead.
You savour every drop.
You feel better. The shock serpent barely misses you.
The shock serpent shoots out a bolt of lightning at you!
The bolt of electricity hits you!
* * * LOW HITPOINT WARNING * * *
The bolt of electricity hits you!!
You die...

#....##....
#.........#..
#.........#..
#...........
#.........#
#......$..#
#.....)(..#
#...)N)...#
##+##@S...#
#.##).)..#####
#.##..........
#.##....#############
#.####'###...<......#
#.####.###.##.#####.#
#...........#.# #.#
#.####.###..#.# #.#
#.# #.#....#.# #.#


You could see a naga ritualist and a shock serpent.

Vanquished Creatures
  Nikola (Snake:1)
  Rupert (Lair:3)
  An acid blob (D:15)
  Agnes (Snake:1)
  Frances (D:14)
  2 nagarajas
  The ghost of Renyugh the Severer, a journeyman MiFi of the Shining One (D:15)
  2 rockslimes (D:15)
  An ironbound preserver (D:13)
  2 ettins
  Josephine (Orc:2)
  Fannar (D:11)
  Harold (Orc:1)
  6 hydras
  2 demonspawn (Orc:2)
  3 catoblepae (Lair:5)
  An ogre mage (D:15)
  2 salamander tyrants
  4 centaur warriors
  4 boulder beetles
  6 anacondas
  2 tengu warriors (D:15)
  2 two-headed ogres
  14 death yaks (Lair:5)
  3 naga warriors (Snake:2)
  4 orc high priests (Orc:2)
  8 naga sharpshooters
  2 occultists (D:15)
  3 shock serpents
  A soul eater (Orc:2)
  2 skysharks
  8 skeletal warriors
  A salamander mystic (Snake:3)
  2 deep trolls
  2 sea snakes (Snake:2)
  A glowing orange brain (D:15)
  2 naga ritualists (Snake:1)
  6 mana vipers
  A necromancer (D:15)
  10 salamanders
  9 orc sorcerers
  6 orc knights
  9 cyclopes
  8 ugly things
  20 black mambas
  A rust devil (Orc:2)
  18 slime creatures
  6 manticores
  17 elephants
  5 kobold blastminers
  A torpor snail (Lair:5)
  4 guardian serpents
  A smoke demon (Orc:2)
  10 naga magi
  2 gargoyles
  Maggie (D:8)
  Jeremiah (D:6)
  10 cane toads
  A rime drake (Lair:3)
  4 unseen horrors
  2 efreet
  7 komodo dragons
  2 tengu conjurers (D:13)
  2 freezing wraiths (D:14)
  2 trolls
  Psyche (D:9)
  A hornet (D:9)
  10 blink frogs
  A snapping turtle (Lair:3)
  A glass eye (D:15)
  3 dream sheep (Lair:4)
  A vampire (D:13)
  36 yaks
  3 shadows
  8 wraiths
  3 wyverns
  A water elemental (Lair:3)
  A yak (shapeshifter) (D:15)
  2 steam dragons
  3 basilisks
  2 wargs
  9 vampire mosquitoes
  2 chaos spawn (Orc:2)
  31 nagas
  7 water moccasins
  Duvessa (D:6)
  2 sky beasts
  34 orc warriors
  A black bear (D:7)
  9 ogres
  3 wolves (Lair:3)
  17 centaurs
  3 phantoms
  Blork the orc (D:5)
  A gnoll sergeant (D:8)
  4 bullfrogs
  A scorpion (D:5)
  12 wights
  Dowan (D:6)
  6 killer bees (D:10)
  2 electric eels
  10 howler monkeys
  4 jellies
  A hound (D:4)
  26 orc priests
  2 gnoll boudas
  A sleepcap (D:5)
  3 iguanas
  22 orc wizards
  3 gnolls (D:8)
  8 adders
  A white imp (D:7)
  3 bombardier beetles
  4 ufetubi
  3 worms
  2 dart slugs
  79 orcs
  4 ball pythons
  3 endoplasms
  4 giant cockroaches
  7 goblins
  14 hobgoblins
  3 jackals (D:4)
  7 kobolds
  5 quokkas
  6 bats
  3 frilled lizards
  A rat (D:1)
720 creatures vanquished.

Vanquished Creatures (others)
  A cyclops (D:15)
  An orc (Orc:2)
2 creatures vanquished.

Grand Total: 722 creatures vanquished

Notes
Turn   | Place    | Note
-------+----------+-------------------------------------------
     0 | D:1      | bmb222 the Oni Monk began the quest for the Orb.
     0 | D:1      | Reached XP level 1. HP: 24/24 MP: 1/1
    42 | D:1      | Reached XP level 2. HP: 29/32 MP: 2/2
   637 | D:2      | Reached XP level 3. HP: 40/40 MP: 3/3
   973 | D:2      | Reached XP level 4. HP: 29/49 MP: 4/4
  1162 | D:2      | Reached skill level 5 in Fighting
  1966 | D:3      | Gained mutation: You passively map a small area around you.
                  | [potion of mutation]
  1966 | D:3      | Gained mutation: You are vulnerable to heat. (rF-) [potion
                  | of mutation]
  1966 | D:3      | Gained mutation: You are agile. (Dex +4, Str/Int -1)
                  | [potion of mutation]
  1969 | D:3      | HP: 2/50 [orc priest/+0 dagger (4)]
  1978 | D:3      | Found a burning altar of Makhleb.
  2613 | D:3      | Reached XP level 5. HP: 39/57 MP: 5/5
  3262 | D:4      | Reached skill level 5 in Maces & Flails
  3686 | D:4      | Found a broken altar of Ashenzari.
  3720 | D:4      | Found a basalt altar of Yredelemnul.
  3811 | D:4      | Reached XP level 6. HP: 55/67 MP: 6/6
  4170 | D:4      | Reached skill level 6 in Fighting
  4281 | D:4      | Found a white marble altar of Elyvilon.
  4316 | D:5      | Entered Level 5 of the Dungeon
  4475 | D:5      | Reached XP level 7. HP: 73/76 MP: 7/7
  4509 | D:5      | Reached skill level 7 in Fighting
  4925 | D:5      | Reached skill level 1 in Armour
  5361 | D:5      | Reached XP level 8. HP: 73/87 MP: 8/8
  6187 | D:6      | Noticed Jeremiah
  6718 | D:6      | Found a staircase to the Ecumenical Temple.
  6743 | D:6      | Noticed Blork the orc
  6743 | D:6      | Noticed Dowan
  6743 | D:6      | Noticed Duvessa
  6759 | D:5      | Killed Blork the orc
  6946 | D:6      | Killed Jeremiah
  6947 | D:6      | Reached skill level 8 in Fighting
  6947 | D:6      | Reached skill level 5 in Dodging
  6965 | Temple   | Entered the Ecumenical Temple
  6985 | Temple   | Became a worshipper of Cheibriados the Contemplative
  6985 | Temple   | Reached * piety under Cheibriados
  6985 | Temple   | Reached ** piety under Cheibriados
  7087 | D:6      | Reached XP level 9. HP: 65/96 MP: 9/9
  7241 | D:6      | Killed Duvessa
  7551 | D:6      | Killed Dowan
  7633 | D:6      | Found a sparkling altar of Nemelex Xobeh.
  7850 | D:7      | You fall into a shaft and drop 1 floor!
  7860 | D:8      | Noticed Maggie
  8624 | D:7      | Reached *** piety under Cheibriados
  8625 | D:7      | Reached skill level 9 in Fighting
  9168 | D:7      | Reached skill level 1 in Invocations
  9174 | D:7      | Lost mutation: You passively map a small area around you.
                  | [potion of mutation]
  9174 | D:7      | Lost mutation: You are vulnerable to heat. (rF-) [potion of
                  | mutation]
  9174 | D:7      | Gained mutation: You are weak. (Str -2) [potion of
                  | mutation]
  9174 | D:7      | Gained mutation: You are partially covered in iridescent
                  | scales. (AC +2) [potion of mutation]
  9174 | D:7      | Gained mutation: You occasionally lose the ability to read
                  | scrolls when taking damage. [potion of mutation]
  9174 | D:7      | Gained mutation: You are very agile. (Dex +8, Str/Int -2)
                  | [potion of mutation]
  9623 | D:7      | Found a shimmering blue altar of Sif Muna.
  9625 | D:7      | Found a bloodstained altar of Trog.
  9796 | D:8      | Reached XP level 10. HP: 107/107 MP: 11/11
 10352 | D:8      | Noticed a two-headed ogre
 10360 | D:8      | Killed a two-headed ogre
 10496 | D:8      | Reached skill level 10 in Maces & Flails
 10594 | D:8      | Killed Maggie
 11105 | D:9      | Learned a level 3 spell: Fugue of the Fallen
 11134 | D:9      | Reached **** piety under Cheibriados
 11150 | D:9      | Found a staircase to the Lair.
 11447 | D:9      | Reached skill level 10 in Fighting
 11627 | D:9      | Noticed Psyche
 11638 | D:9      | Killed Psyche
 11639 | D:9      | Reached skill level 5 in Invocations
 11709 | D:9      | Reached skill level 5 in Armour
 12126 | D:10     | Entered Level 10 of the Dungeon
 12335 | D:10     | Found a sacrificial altar of Ru.
 12598 | D:10     | Noticed a cyclops
 12598 | D:10     | Noticed an unseen horror
 12616 | D:10     | Killed a cyclops
 12617 | D:10     | Reached XP level 11. HP: 62/119 MP: 9/15
 12777 | D:10     | Found an ancient bone altar of Kikubaaqudgha.
 13183 | D:10     | Found a shimmering altar of Xom.
 13184 | D:10     | Found a hazy altar of Hepliaklqana.
 13460 | D:11     | Found Edarejehy's Jewellery Shop.
 13478 | D:11     | Bought an amulet of reflection for 330 gold pieces
 13794 | D:11     | Noticed Fannar
 13807 | D:11     | Killed Fannar
 14708 | D:12     | Noticed a skeletal warrior
 14708 | D:12     | Noticed a skeletal warrior
 14709 | D:12     | Noticed a skeletal warrior
 15194 | D:12     | Noticed a manticore
 15203 | D:12     | Killed a manticore
 15204 | D:12     | Reached skill level 11 in Fighting
 15347 | Lair:1   | Entered Level 1 of the Lair of Beasts
 15951 | Lair:1   | Reached XP level 12. HP: 94/131 MP: 18/18
 16117 | Lair:1   | Lost mutation: You occasionally lose the ability to read
                  | scrolls when taking damage. [potion of mutation]
 16117 | Lair:1   | Lost mutation: You are partially covered in iridescent
                  | scales. (AC +2) [potion of mutation]
 16117 | Lair:1   | Gained mutation: Your spells are a little harder to cast,
                  | but a little more powerful. [potion of mutation]
 16117 | Lair:1   | Lost mutation: You are weak. (Str -2) [potion of mutation]
 16117 | Lair:1   | Gained mutation: Your muscles are strong. (Str +4, Int/Dex
                  | -1) [potion of mutation]
 16161 | Lair:1   | Reached skill level 1 in Spellcasting
 16211 | Lair:1   | Reached skill level 12 in Fighting
 16211 | Lair:1   | Reached skill level 1 in Necromancy
 16221 | Lair:1   | Reached ***** piety under Cheibriados
 17007 | Lair:2   | Found a staircase to the Snake Pit.
 17864 | Lair:3   | Noticed a skyshark
 17878 | Lair:3   | Killed a skyshark
 17879 | Lair:3   | Reached skill level 13 in Fighting
 18209 | Lair:3   | Noticed Rupert
 18215 | Lair:3   | Paralysed by Rupert for 4 turns
 18224 | Lair:3   | Paralysed by Rupert for 4 turns
 18592 | D:12     | Noticed a boulder beetle
 18605 | D:12     | Killed a boulder beetle
 18897 | D:12     | Reached skill level 5 in Spellcasting
 19326 | D:12     | Found a staircase to the Orcish Mines.
 19767 | D:12     | Found the necklace of Bloodlust {Fury *Rage Will++ Int-3
                  | Slay+6}
 19966 | D:12     | Reached skill level 5 in Necromancy
 20151 | D:13     | Reached XP level 13. HP: 123/145 MP: 22/22
 20159 | D:13     | Reached skill level 14 in Fighting
 21035 | D:13     | Found a gate to the Vaults.
 21035 | D:13     | Noticed an ironbound preserver
 21041 | D:13     | Killed an ironbound preserver
 21194 | D:13     | Reached skill level 15 in Fighting
 21219 | D:13     | Got the Guide on Caustic Ashes
 21321 | Orc:1    | Entered Level 1 of the Orcish Mines
 21324 | Orc:1    | Noticed Harold
 21338 | Orc:1    | Killed Harold
 21453 | Orc:1    | Found Siaxt's Distillery.
 21461 | Orc:1    | Bought a potion of curing for 36 gold pieces
 21544 | Orc:1    | Found Irar's Jewellery Boutique.
 21719 | Orc:1    | Found a transporter.
 21719 | Orc:1    | Found Afiaxt's Armour Emporium.
 21719 | Orc:1    | Noticed an ettin
 21933 | Orc:1    | Found a transporter.
 22161 | Orc:1    | Killed an ettin
 22223 | Orc:2    | Entered Level 2 of the Orcish Mines
 22223 | Orc:2    | Noticed Josephine
 22236 | Orc:2    | Killed Josephine
 22294 | Orc:2    | Found a staircase to the Elven Halls.
 22598 | Orc:2    | Reached XP level 14. HP: 161/161 MP: 27/27
 22599 | Orc:2    | Reached ****** piety under Cheibriados
 22619 | Orc:2    | Found Biul Jyt's General Store.
 22620 | Orc:2    | Found Astriph's General Store.
 22626 | Orc:2    | Reached skill level 16 in Fighting
 22747 | Orc:2    | Identified a scroll of acquirement
 22747 | Orc:2    | Acquired the ring of the Raven {rPois Will- Str+9 Dex+6}
 22900 | Orc:2    | Reached skill level 10 in Spellcasting
 22933 | Orc:2    | HP: 5/163 [orange demon[an orc high priest] (10)]
 23151 | Orc:2    | Found Ruwead's Jewellery Shoppe.
 23151 | Orc:2    | Found Feederch's Antique Weapon Emporium.
 23152 | Orc:2    | Found a one-way gate leading to the halls of Pandemonium.
 23516 | Orc:1    | Bought a +0 kite shield for 58 gold pieces
 23516 | Orc:1    | Bought +0 fire dragon scales for 780 gold pieces
 23878 | Lair:3   | Reached skill level 17 in Fighting
 23985 | Lair:3   | Reached skill level 1 in Shields
 24131 | Lair:3   | Killed Rupert
 24742 | Lair:3   | Found a staircase to the Shoals.
 26064 | Lair:5   | Entered Level 5 of the Lair of Beasts
 26097 | Lair:5   | Reached XP level 15. HP: 174/174 MP: 29/29
 27064 | Lair:5   | Reached skill level 18 in Fighting
 27192 | Lair:5   | Found a viscous altar of Jiyva.
 27193 | Lair:5   | Found a staircase to the Slime Pits.
 27981 | Lair:5   | Identified the +4 quarterstaff of Dishonesty {pain, *Rage
                  | rCorr Dex+3}
 28711 | D:14     | Noticed Frances
 28942 | D:14     | Reached skill level 5 in Shields
 29012 | D:14     | Killed Frances
 29283 | D:15     | Entered Level 15 of the Dungeon
 29666 | D:15     | Found a staircase to the Depths.
 29671 | D:15     | Reached XP level 16. HP: 188/188 MP: 30/30
 29962 | D:15     | Found a shimmering altar of Xom.
 31073 | D:15     | Found a runed translucent gate.
 31073 | D:15     | Found a runed translucent gate.
 31073 | D:15     | Found a runed translucent gate.
 31073 | D:15     | Noticed a rockslime
 31073 | D:15     | Noticed an azure jelly
 31073 | D:15     | Noticed an acid blob
 31074 | D:15     | Noticed a rockslime
 31074 | D:15     | Noticed Renyugh's ghost (journeyman MiFi)
 31077 | D:15     | Found a viscous altar of Jiyva.
 31215 | D:15     | Killed an acid blob
 31274 | D:15     | Killed a rockslime
 31433 | D:15     | Killed a rockslime
 31440 | D:15     | Killed Renyugh's ghost
 31741 | D:15     | Acquired the ring "Ossioxt" {Will+ Slay+4}
 31928 | Snake:1  | Entered Level 1 of the Snake Pit
 32580 | Snake:1  | Found Ukhoigul's Magic Scroll Emporium.
 32586 | Snake:1  | Bought a scroll of teleportation for 45 gold pieces
 32689 | Snake:1  | Found Bizi Xokk's Magic Scroll Shoppe.
 32689 | Snake:1  | Found Qybehag's General Store.
 32719 | Snake:1  | Found Xecaod Fisel's Magic Scroll Shoppe.
 32721 | Snake:1  | Found Soliutar's Assorted Antiques.
 32737 | Snake:1  | Bought a scroll of acquirement for 832 gold pieces
 32737 | Snake:1  | Acquired a +4 flail of holy wrath
 32743 | Snake:1  | Bought a scroll of brand weapon for 114 gold pieces
 33034 | Snake:1  | Noticed Agnes
 33042 | Snake:1  | Killed Agnes
 33242 | Snake:1  | Noticed Nikola
 33250 | Snake:1  | Killed Nikola
 33716 | Snake:2  | Found Zipoesch's Magic Scroll Emporium.
 33721 | Snake:2  | Found Vaclot's Assorted Antiques.
 33743 | Snake:2  | Noticed a nagaraja
 33749 | Snake:2  | Killed a nagaraja
 34057 | Snake:2  | Found Diti's Vocational Training.
 34167 | Snake:2  | Reached XP level 17. HP: 196/196 MP: 31/31
 34759 | Snake:3  | Found a runed translucent gate.
 34759 | Snake:3  | Found a runed translucent gate.
 34759 | Snake:3  | Found a runed translucent gate.
 34765 | Snake:3  | Found an opulent altar of Gozag.
 34765 | Snake:3  | Found Utereir's Assorted Antiques.
 34766 | Snake:3  | Noticed jasper's ghost (adept HOCA)
 35099 | Snake:3  | Identified the +1 rapier of the Toadstool {flame, *Rage
                  | rCorr Dex+2}
 35137 | Snake:3  | Found Bahram Gur's Dragon-Slaying Spoils.
 35226 | Snake:3  | Reached skill level 15 in Maces & Flails
 35747 | Snake:3  | Reached skill level 10 in Armour
 36561 | Snake:4  | Entered Level 4 of the Snake Pit
 36995 | Snake:4  | Killed from afar by a shock serpent

Illustrated notes

Levels and vault maps discovered:
D:1:      kennysheep_arrival_forest, layout_loops_ring
D:2:      layout_basic
D:3:      layout_basic, lightli_temple_of_fire, grunt_ministairs_15
D:4:      layout_basic, nicolae_elyvilon_temple_path,
          mainiacjoe_overflow_catwalk_spiral
D:5:      layout_loops_ring, kennysheep_generic_room_2
D:6:      layout_cave_pools, mainiacjoe_overflow_tiny_flanked, temple_pool_b,
          uniq_blork_the_orc, uniq_duvessa, uniq_jeremiah
D:7:      layout_basic, hellmonk_overflow_destroyed_library
D:8:      layout_gridville, uniq_maggie
D:9:      layout_loops_corners, lair_entry_dummy, uniq_psyche
D:10:     layout_long_grid, hangedman_ru_absence, kiku_gazebo_garden_becter,
          regret_index_temple_of_mockery
D:11:     layout_irregular_city, minmay_shop_enchanted_jewellery, uniq_fannar
D:12:     layout_basic, erik_orc_3, hellmonk_guarded_unrand_vitality_bloodlust
D:13:     minmay_clustersquares, layout_basic, skrybe_vaults_entry_preservation,
          nicolae_concentric_dashed_squares_wild
D:14:     minmay_separated_statues, layout_cave_pools, uniq_frances
D:15:     hangedman_depths_entry_civil_slaughter, layout_basic,
          serial_library_regret_index_multi, gammafunk_ghost_ooze,
          serial_bayou_pond_e, xom_confusion_cloud
Temple:   nicolae_temple_bog_church
Lair:1:   layout_cave_pods, nicolae_quartered_pool_super, grunt_megastairs_2,
          serial_bayou_shore_b
Lair:2:   layout_roguey, guppyfry_snake_entry_island
Lair:3:   layout_hall_layers, minmay_shoals_entry_hut, serial_bayou_shore_b,
          uniq_rupert
Lair:4:   layout_layer_cave, dreamdust_gnoll_shepherd
Lair:5:   evilmike_catoblepas_cave, layout_regular_city, slime_entry_1,
          lemuel_fruit_tree
Snake:1:  layout_misc_corridors, serial_shops, nicolae_shop_statue_plus,
          nrook_guardian_serpent_ordinary, minmay_shoptagon, uniq_agnes,
          uniq_nikola
Snake:2:  layout_gridlike, nicolae_shop_vocational, serial_bayou_shore_a,
          grunt_megastairs_5, minmay_shop_star
Snake:3:  layout_layer_cave, ebering_ghost_gozag, nicolae_shop_dragon_depot,
          nicolae_integral_box
Snake:4:  snake_pit, layout_basic
Orc:1:    layout_diamond_mine, serial_shops, nicolae_shop_drivethru,
          nicolae_shop_gibbet_a_chance, shop, basic_altar, uniq_harold
Orc:2:    pf_orc_diabolical, layout_caves, uniq_josephine

Skill      XL: |  1  2  3  4  5  6  7  8  9 10 11 12 13 14 15 16 17 |
---------------+----------------------------------------------------+-----
Maces & Flails | 4 5 6 7 8 9 10 11 12 13 14 15 | 15.4
Fighting       | 5 6 7 8 9 10 11 13 15 17 18 | 18.7
Dodging        | 3 5 6 7 8 9 |  9.8
Armour         | 1 2 3 5 7 8 9 10 | 10.1
Invocations    | 1 5 8 |  8.0
Spellcasting   | 6 9 10 | 10.5
Necromancy     | 5 7 8 |  8.9
Shields        | 2 5 8 9 |  9.7

Action                     |  1- 3 |  4- 6 |  7- 9 | 10-12 | 13-15 | 16-18 || total
---------------------------+-------+-------+-------+-------+-------+-------++-------
  Melee: Mace              |    60 |    97 |       |       |       |       ||   157
         Headbutt          |    14 |    37 |    74 |   160 |   204 |   124 ||   613
         Flail             |       |    48 |   282 |   485 |   697 |   397 ||  1909
         Unarmed           |       |       |       |     6 |       |       ||     6
  Throw: Dart              |       |       |     1 |    17 |       |       ||    18
         Boomerang         |       |       |       |    16 |     7 |       ||    23
   Cast: Fugue of the Fall |       |       |       |     2 |     5 |       ||     7
 Invoke: Slouch            |       |       |       |     4 |     4 |     6 ||    14
         Bend Time         |       |       |       |     1 |       |       ||     1
         Step From Time    |       |       |       |     1 |     2 |       ||     3
         Temporal Distorti |       |       |       |       |       |     1 ||     1
  Evoke: Wand              |       |       |       |       |     2 |     4 ||     6
    Use: Scroll            |       |     5 |     6 |    15 |     5 |     4 ||    35
         Potion            |       |     5 |     4 |     5 |     1 |     4 ||    19
   Stab: Distracted        |       |       |       |       |       |     1 ||     1
 Armour: Robe              |    40 |   101 |   235 |    38 |       |       ||   414
         Acid dragon scale |       |       |       |   351 |       |       ||   351
         Skin              |       |       |       |     3 |       |       ||     3
         Troll leather arm |       |       |       |    28 |   350 |       ||   378
         Fire dragon scale |       |       |       |       |   279 |   258 ||   537
  Dodge: Dodged            |    28 |    91 |   208 |   537 |   626 |   259 ||  1749
  Block: Kite shield       |       |       |       |       |   303 |   394 ||   697

Table legend: (Time is in decaauts)
 A = Elapsed time spent in this place.
 B = Non-inter-level travel time spent in this place.
 C = Inter-level travel time spent in this place.
 D = Time resting spent in this place.
 E = Time spent auto-exploring this place.
 F = Levels seen in this place.
 G = Mean time per level.
                   A        B        C        D        E       F      G
               +--------+--------+--------+--------+--------+-----+--------+
         Total |  51842 |  48699 |   3143 |  11115 |  31545 |  27 | 1920.1 |
       Dungeon |  28321 |  26646 |   1675 |   5925 |  17124 |  15 | 1888.1 |
        Temple |     38 |     38 |      0 |      0 |      0 |   1 |   38.0 |
          Lair |  11779 |  11041 |    738 |   2853 |   7162 |   5 | 2355.8 |
     Snake Pit |   7964 |   7709 |    255 |   1705 |   5176 |   4 | 1991.0 |
  Orcish Mines |   3738 |   3264 |    474 |    630 |   2082 |   2 | 1869.0 |
               +--------+--------+--------+--------+--------+-----+--------+

Top non-repeatable levels by time:
    D:15: 3746 daAuts
 Snake:3: 3507 daAuts
    D:12: 3117 daAuts
  Lair:4: 2830 daAuts
  Lair:5: 2653 daAuts
     D:5: 2612 daAuts
 Snake:2: 2242 daAuts
  Lair:3: 2204 daAuts
    D:13: 2158 daAuts
    D:10: 2140 daAuts
  Lair:1: 2140 daAuts
     D:7: 2103 daAuts
     D:9: 2089 daAuts
 Snake:1: 2047 daAuts
    D:11: 1983 daAuts
